 Dungeon Crawl Stone Soup version 0.30.0-15-g856e2d3f33 (webtiles) character file.

Game seed: 10850658256050232163

122 Jackthecabe the Conjurer (level 4, -8/35 HPs)
             Began as a Mummy Reaver on May 19, 2023.
             Was an Elder of Jiyva.
             Mangled by Pikel
             ... wielding a +2 whip of electrocution
              (10 damage)
             ... on level 4 of the Dungeon.
             The game lasted 00:06:29 (2716 turns).

Jackthecabe the Conjurer (Mummy Reaver)             Turns: 2716, Time: 00:06:30

Health: -8/35      AC:  4    Str: 15    XL:     4   Next: 78%
Magic:  8/8        EV: 11    Int: 12    God:    Jiyva [****..]
Gold:   197        SH:  0    Dex: 12    Spells: 8/9 levels left

rFire   x . .        h - +0 dagger (venom)
rCold   + . .        (no shield)
rNeg    + + +        b - +0 leather armour
rPois   ∞            (no helmet)
rElec   .            (no cloak)
rCorr   +            (no gloves)
SInv    .            f - +0 pair of boots
Will    .....        (no amulet)
Stlth   +            (no ring)
HPRegen 1.53/turn    (no ring)
MPRegen 0.51/turn

%: faith
@: no status effects
A: cold resistance 1, negative energy resistance 3, torment resistance 2, heat
vulnerability 1, in touch with death 1, no potions, faith
a: Renounce Religion, Oozemancy, Slimify


You were on level 4 of the Dungeon.
You worshipped Jiyva.
Jiyva was greatly pleased with you.
You visited 1 branch of the dungeon, and saw 4 of its levels.

You collected 197 gold pieces.

Inventory:

Hand Weapons
 a - a +0 spear
 d - a +0 rapier of protection
   (You found it on level 1 of the Dungeon)
 h - a +0 dagger of venom (weapon)
   (You took it off a goblin on level 3 of the Dungeon)
 i - a +4 short sword of speed
   (You took it off a kobold on level 4 of the Dungeon)
Armour
 b - a +0 leather armour (worn)
 f - a +0 pair of boots (worn)
   (You found it on level 3 of the Dungeon)
Scrolls
 c - 6 scrolls of identify {unknown}
 e - a scroll of poison {unknown}
 g - a scroll of immolation {unknown}


   Skills:
 + Level 3.4 Fighting
 + Level 1.3 Short Blades
 - Level 2.4 Polearms
 - Level 1.5 Dodging
 - Level 3.0 Spellcasting
 + Level 3.4 Conjurations


You had 8 spell levels left.
You knew the following spells:

 Your Spells              Type           Power      Damage    Failure   Level
a - Kiss of Death         Conj/Necr      32%        2d7       16%         1

Your spell library contained the following spells:

 Spells                   Type           Power      Damage    Failure   Level
 Momentum Strike          Conj/Tloc      10%        3d8       22%         2
 Sting                    Tmut/Pois      4%         1d3       30%         1
 Lesser Beckoning         Tloc           2%         N/A       41%         2
 Poisonous Vapours        Pois/Air       2%         N/A       41%         2
 Hailstorm                Conj/Ice       5%         3d4       41%         3
 Gell's Gravitas          Tloc           1%         N/A       65%         3
 Teleport Other           Tloc           1%         N/A       65%         3
 Olgreb's Toxic Radiance  Pois           1%         N/A       96%         4
 Simulacrum               Ice/Necr       1%         N/A       100%        6
 Ice Form                 Ice/Tmut       Unusable   N/A       N/A         4

Dungeon Overview and Level Annotations

Branches:
Dungeon (4/15)
 Temple: D:4-7

Altars:
Nemelex Xobeh
Jiyva

Shops:
D:1 =

Annotations:
D:4 Edmund, Pikel


Innate Abilities, Weirdness & Mutations

You are immune to poison.
Your flesh is cold resistant. (rC+)
You are immune to negative energy. (rN+++)
You are immune to unholy pain and torment.
You are vulnerable to heat. (rF-)
You are in touch with the powers of death.
You do not drink.
You have a special connection with the divine. (Faith)


Message History

You barely miss the lemure. The lemure hits you.
You take 1 damage, and have 26/35 hp.
You hit the lemure.
You kill the lemure!
That felt strangely unrewarding.
You regained 2 hp, and now have 28/35 hp.
You hit the lemure. The lemure barely misses you.
You barely miss the lemure. The lemure hits you.
You hit the lemure but do no damage. The lemure hits you.
You take 1 damage, and have 28/35 hp.
You hit the lemure. The lemure misses you. The lemure barely misses you.
You regained 2 hp, and now have 30/35 hp.
You hit the lemure. The lemure barely misses you.
You regained 2 hp, and now have 32/35 hp.
You completely miss the lemure. The lemure hits you but does no damage.
You hit the lemure.
You hear a distant slurping noise.
The lemure hits you but does no damage.
Health restored: 35 You closely miss the lemure.
The lemure closely misses you.
You closely miss the lemure. The lemure hits you but does no damage.
You miss the lemure. The lemure hits you but does no damage.
You barely miss the lemure. The lemure barely misses you.
You miss the lemure. The lemure misses you.
You hit the lemure.
Your weapon exudes an aura of protection.
The lemure hits you but does no damage. The lemure misses you.
You hit the lemure. The lemure closely misses you.
You hit the lemure. The lemure closely misses you.
You barely miss the lemure. The lemure closely misses you.
You closely miss the lemure. You punch the lemure. The lemure hits you.
You take 2 damage, and have 33/35 hp.
You hit the lemure. The lemure closely misses you.
Health restored: 35 You hit the lemure.
The lemure closely misses you.
You closely miss the lemure. The lemure completely misses you.
You hit the lemure but do no damage. The lemure hits you but does no damage.
The lemure hits you.
You take 1 damage, and have 34/35 hp.
You closely miss the lemure. The lemure hits you but does no damage.
Health restored: 35 You closely miss the lemure.
The lemure barely misses you.
You barely miss the lemure. The lemure closely misses you.
You hear a distant slurping noise.
You completely miss the lemure. The lemure hits you but does no damage.
You hit the lemure.
Your weapon exudes an aura of protection.
You kill the lemure!
That felt strangely unrewarding.
You hit the orc but do no damage. The orc hits you but does no damage.
You barely miss the orc. The orc hits you but does no damage.
You barely miss the orc. The orc hits you with a +0 hand axe.
The orc barely misses you.
You take 2 damage, and have 33/35 hp.
You barely miss the orc. The orc hits you but does no damage.
You hit the orc. The orc barely misses you.
Health restored: 35 You hit the orc.
The orc misses you.
You closely miss the orc. The orc barely misses you.
You barely miss the orc. The orc barely misses you.
You closely miss the orc. The orc hits you but does no damage.
You barely miss the orc.
Pikel says, "You'll make a fine lemure."
The orc barely misses you.
You closely miss the orc. The orc hits you with a +0 hand axe.
You hear a distant slurping noise.
You take 4 damage, and have 31/35 hp.
You puncture the orc!
Your weapon exudes an aura of protection.
You kill the orc!
Pikel closely misses you.
You regained 2 hp, and now have 33/35 hp.
You hit Pikel.
You hear a distant slurping noise.
Pikel says, "Hell isn't that bad."
Pikel misses you.
Health restored: 35 You aren't carrying any items that you can evoke.
Okay, then.
Your +0 rapier of protection goes still.
Your +0 dagger of venom begins to drip with poison!
h - a +0 dagger of venom (weapon)
Unknown command.
You barely miss Pikel. Pikel barely misses you.
You hit Pikel but do no damage.
Pikel is poisoned.
Pikel hits you with a +2 whip of electrocution!
You are electrocuted!
You take 23 damage, and have 12/35 hp.
MASSIVE DAMAGE!!
You closely miss Pikel.
Pikel hits you with a +2 whip of electrocution!
* * * LOW HITPOINT WARNING * * *
You take 10 damage, and have 2/35 hp.
MASSIVE DAMAGE!!
Unknown command.
Okay, then.
You aren't carrying any items that you can evoke.
Casting: Kiss of Death (safe; 16% risk of failure)
Okay, then.
Pikel attacks as you move away!
Pikel hits you with a +2 whip of electrocution!
You die...

....h####'####..
####..#...#. #..
##....##
#.....#..... #
##...o..##
#...........
#..#..#..#
#######...#...
#...##...#
#.÷...........
#...##...#
##.###.#......#
#..#)5#..# ##..#
#.#.#.##.#
##......######..##
#.#.#.##.#
##..o.###gK@..##
#.....##.#
##'o##.w5#####
###.####.#
#..#..### #.# #.#
##...## #.# #..
##### #


You could see Pikel (very poisoned), a lemure, a dart slug and a hobgoblin.

Vanquished Creatures
  3 lemures (D:4)
  An orc wizard (D:2)
  A gnoll (D:3)
  2 adders (D:4)
  3 dart slugs (D:1 D:2 D:3)
  9 orcs (D:3 D:4)
  5 bats (D:1 D:2)
  An endoplasm (D:1)
  3 giant cockroaches (D:1 D:4)
  3 goblins (D:1 D:2 D:3)
  3 hobgoblins (D:1 D:3)
  5 jackals (D:1 D:3)
  3 kobolds (D:3 D:4)
  4 quokkas (D:1 D:3 D:2)
  8 ball pythons (D:1 D:3 D:2 D:4)
  3 frilled lizards (D:3 D:2)
  4 rats (D:1 D:2 D:3)
61 creatures vanquished.

Vanquished Creatures (others)
  5 jellies (D:4)
  A howler monkey (D:4)
  An orc wizard (D:4)
  3 gnolls (D:2)
  3 adders (D:3 D:2)
  An ufetubus (D:4)
  An orc (D:4)
  4 bats (D:1 D:2 D:3)
  7 endoplasms (D:2 D:3)
  A giant cockroach (D:2)
  A goblin (D:2)
  2 hobgoblins (D:3)
  A quokka (D:3)
  5 ball pythons (D:1 D:3 D:2 D:4)
  A frilled lizard (D:2)
  A kobold (D:1)
  A rat (D:2)
39 creatures vanquished.

Grand Total: 100 creatures vanquished

Notes
Turn   | Place    | Note
-------+----------+-------------------------------------------
     0 | D:1      | Jackthecabe the Mummy Reaver began the quest for the Orb.
     0 | D:1      | Reached XP level 1. HP: 16/16 MP: 4/4
   120 | D:1      | Found a faded altar of an unknown god.
   258 | D:1      | Reached skill level 3 in Spellcasting
   271 | D:1      | Prayed at the altar of an unknown god.
   271 | D:1      | Became a worshipper of Jiyva Jaimirr the Shapeless
   271 | D:1      | Reached * piety under Jiyva
   320 | D:1      | Reached XP level 2. HP: 22/22 MP: 6/6
   375 | D:1      | Found Matovo's Jewellery Shop.
   560 | D:1      | Reached ** piety under Jiyva
   849 | D:2      | Gained mutation: You are in touch with the powers of death.
                  | [Mummy growth]
   849 | D:2      | Reached XP level 3. HP: 28/28 MP: 7/7
   940 | D:2      | You fall into a shaft and drop 1 floor!
  1010 | D:3      | Reached skill level 3 in Conjurations
  1178 | D:3      | HP: 14/28 [something/puff of flame (10)]
  1183 | D:3      | HP: 8/28 [orc/+0 trident (4)]
  1192 | D:2      | HP: 9/28 [something (1)]
  1200 | D:2      | HP: 10/28 [something (1)]
  1205 | D:2      | HP: 9/28 [something (4)]
  1211 | D:2      | HP: 6/28 [orc wizard/magic dart (10)]
  1223 | D:2      | HP: 6/28 [orc wizard/puff of flame (15)]
  1228 | D:2      | HP: 9/28 [orc wizard/+0 dagger (1)]
  1233 | D:2      | HP: 14/28 [orc wizard/+0 dagger (1)]
  1267 | D:2      | HP: 14/28 [something/magic dart (7)]
  1273 | D:2      | Reached skill level 3 in Fighting
  1273 | D:2      | Reached XP level 4. HP: 17/35 MP: 8/8
  1312 | D:2      | Reached *** piety under Jiyva
  1660 | D:2      | Found a sparkling altar of Nemelex Xobeh.
  1931 | D:3      | Reached **** piety under Jiyva
  1955 | D:3      | Reached skill level 1 in Short Blades
  2324 | D:4      | Noticed Edmund
  2546 | D:4      | Noticed a lemure
  2546 | D:4      | Noticed a lemure
  2546 | D:4      | Noticed Pikel
  2547 | D:4      | Noticed a black bear
  2548 | D:4      | Noticed a lemure
  2551 | D:4      | Noticed a lemure
  2576 | D:4      | Killed a lemure
  2588 | D:4      | HP: 17/35 [orc/+0 trident (3)]
  2672 | D:4      | Killed a lemure
  2698 | D:4      | Killed a lemure
  2714 | D:4      | HP: 12/35 [Pikel/+2 whip of electrocution (13)]
  2715 | D:4      | HP: 2/35 [Pikel/+2 whip of electrocution (12)]
  2716 | D:4      | Mangled by Pikel

Illustrated notes

Levels and vault maps discovered:
D:1:      ebering_trefoil_3fold, layout_loops_ring,
          nicolae_ecumenical_snake_handling, serial_shops, shop
D:2:      layout_loops_ring, basic_altar
D:3:      minmay_door_path, layout_rooms, minmay_circle_x
D:4:      minmay_polygon_palace, layout_basic, uniq_pikel, uniq_edmund

Skill      XL: |  1  2  3  4 |
---------------+-------------+-----
Spellcasting   | 3 |  3.0
Conjurations   | 3 |  3.4
Fighting       | 3 |  3.4
Short Blades   | 1 |  1.3
Polearms       | |  2.4
Dodging        | |  1.5

Action                     |  1- 3 |  4- 6 || total
---------------------------+-------+-------++-------
  Melee: Spear             |    93 |       ||    93
         Rapier            |    92 |   242 ||   334
         Punch             |     3 |     6 ||     9
         Dagger            |       |     3 ||     3
 Armour: Leather armour    |    82 |   110 ||   192
  Dodge: Dodged            |   156 |   141 ||   297

Levels and vault maps discovered:
D:1:      ebering_trefoil_3fold, layout_loops_ring,
          nicolae_ecumenical_snake_handling, serial_shops, shop
D:2:      layout_loops_ring, basic_altar
D:3:      minmay_door_path, layout_rooms, minmay_circle_x
D:4:      minmay_polygon_palace, layout_basic, uniq_pikel, uniq_edmund

Table legend: (Time is in decaauts)
 A = Elapsed time spent in this place.
 B = Non-inter-level travel time spent in this place.
 C = Inter-level travel time spent in this place.
 D = Time resting spent in this place.
 E = Time spent auto-exploring this place.
 F = Levels seen in this place.
 G = Mean time per level.
                   A        B        C        D        E       F      G
               +--------+--------+--------+--------+--------+-----+--------+
         Total |   2766 |   2636 |    130 |      5 |   1780 |   4 |  691.5 |
       Dungeon |   2766 |   2636 |    130 |      5 |   1780 |   4 |  691.5 |
               +--------+--------+--------+--------+--------+-----+--------+

Top non-repeatable levels by time:
     D:1: 834 daAuts
     D:3: 762 daAuts
     D:2: 753 daAuts
     D:4: 416 daAuts

Table legend:
 A = Kills in this place as a percentage of kills in the entire game.
 B = Kills by you in this place as a percentage of kills by you in the entire game.
 C = Kills by friends in this place as a percentage of kills by friends in the entire game.
 D = Other kills in this place as a percentage of other kills in the entire game.
 E = Experience gained in this place as a percentage of experience gained in the entire game.
 F = Experience gained in this place divided by the number of levels of this place that you have seen.
                   A       B       C       D       E      F
               +-------+-------+-------+-------+-------+----------------------
         Total | 100.0 | 100.0 |   N/A |   N/A | 100.0 |  43.8
       Dungeon | 100.0 | 100.0 |   N/A |   N/A | 100.0 |  43.8
               +-------+-------+-------+-------+-------+----------------------
